 Dungeon Crawl Stone Soup version 0.31-a0-986-g5e6e4ef867 (webtiles) character file.

Game seed: 3429386744900608759

50 monsoonserge the Magician (level 3, 0/19 HPs)
             Began as a Deep Elf Hedge Wizard on Nov 23, 2023.
             Succumbed to an adder's poison
             ... on level 2 of the Dungeon.
             The game lasted 00:06:42 (1728 turns).

monsoonserge the Magician (Deep Elf Hedge Wizard)   Turns: 1728, Time: 00:06:42

Health: 0/19       AC:  2    Str:  7    XL:     3   Next: 55%
Magic:  5/11       EV: 13    Int: 26    God:
Gold:   81         SH:  0    Dex: 14    Spells: 6/12 levels left

rFire   . . .        a - +0 dagger
rCold   . . .        (no shield)
rNeg    . . .        b - +0 robe
rPois   .            c - +0 hat
rElec   .            (no cloak)
rCorr   .            (no gloves)
SInv    .            (no boots)
Will    .....        (no amulet)
Stlth   ++           m - +6 ring of intelligence
HPRegen 0.23/turn    (no ring)
MPRegen 0.12/turn

%: no passive effects
@: lethally poisoned (0 -> -15), on blink cooldown
A: no striking features
a: no special abilities


You were on level 2 of the Dungeon.
You visited 1 branch of the dungeon, and saw 3 of its levels.

You collected 81 gold pieces.

Inventory:

Hand Weapons
 a - a +0 dagger (weapon)
Missiles
 k - a throwing net
Armour
 b - a +0 robe (worn)
 c - a +0 hat (worn)
 j - a +0 ring mail
Jewellery
 m - a +6 ring of intelligence (left hand)
Talismans
 g - a blade talisman
Wands
 l - a wand of light (11)
Scrolls
 e - 2 scrolls of amnesia {unknown}
 f - 2 scrolls of teleportation {unknown}
 i - a scroll of fog {unknown}
Potions
 d - a potion of magic
 h - a potion of curing {unknown}
 n - a potion of enlightenment {unknown}


   Skills:
 + Level 0.2 Short Blades
 + Level 3.0 Dodging
 + Level 2.7 Stealth
 - Level 5.0 Spellcasting
 + Level 1.4 Conjurations
 * Level 1.6 Summonings
 * Level 1.8 Translocations
 * Level 0.4 Evocations


You had 6 spell levels left.
You knew the following spells:

 Your Spells              Type           Power      Damage    Failure   Level
a - Magic Dart            Conj           56%        1d5       4%          1
b - Slow                  Hex            24%        N/A       8%          1
c - Blink                 Tloc           32%        N/A       5%          2
d - Call Imp              Summ           28%        N/A       6%          2

Your spell library contained the following spells:

 Spells                   Type           Power      Damage    Failure   Level
 Cigotuvi's Dreadful Rot  Necr/Pois/Air  12%        N/A       12%         2
 Mephitic Cloud           Conj/Pois/Air  9%         N/A       19%         3


Dungeon Overview and Level Annotations

Branches:
Dungeon (3/15)

Altars:


Message History

There is a stone staircase leading up here.
The adder barely misses you.
You climb upwards.
There is a stone staircase leading down here.
Casting: Magic Dart (safe; 4% risk of failure)
Confirm with . or Enter, or press ? or * to list all spells.
Aiming: Magic Dart (safe; 4% risk of failure)
Press: ? - help, Shift-Dir - straight line, f - adder
Aim: an adder (100% to hit)
The magic dart hits the adder.
The adder is moderately wounded.
The adder bites you.
You are poisoned.
The adder poisons you! The adder bites you.
You are more poisoned.
The adder poisons you!
Casting: Magic Dart (safe; 4% risk of failure)
Confirm with . or Enter, or press ? or * to list all spells.
Aiming: Magic Dart (safe; 4% risk of failure)
Press: ? - help, Shift-Dir - straight line, f/p - adder
Aim: an adder (moderately wounded, 100% to hit)
The magic dart hits the adder.
The adder is heavily wounded.
You feel very sick. The adder bites you.
You are lethally poisoned!
The adder poisons you!
Casting: Magic Dart (safe; 4% risk of failure)
Confirm with . or Enter, or press ? or * to list all spells.
A tiny devil pulls itself out of the air.
* * * LOW HITPOINT WARNING * * *
You feel very sick. The adder bites you.
* * * LOW HITPOINT WARNING * * *
You are more poisoned.
The adder poisons you!
Casting: Call Imp (safe; 6% risk of failure)
Confirm with . or Enter, or press ? or * to list all spells.
You blink.
You die...

.............#.....# ##########
...................#####......#.#
........<....#.###S.5....#######.
#..............####ยง..#########.#
##...##>..#.....###.........##.##
##########...#.#...####.##...###
#####..<#.#.### #..#..##.# #
####...........#######)#.###.. #
##....##.##...@.....##.........
###..#####.##..#.............####
....######.##.....###.....####
######...#.#>.....###.###....## #
#...#............# ##....# #
#...#.......###### ###..## #
#...........############.)## #
#.............>..)..........
#...#.....#.#############..#


You could see a friendly cerulean imp (summoned).

Vanquished Creatures
  A worm (D:2)
  6 ball pythons
  A bat (D:2)
  2 endoplasms
  5 goblins
  3 hobgoblins
  A jackal (D:1)
  4 kobolds
  4 quokkas
  A frilled lizard (D:2)
  3 rats
31 creatures vanquished.

Vanquished Creatures (collateral kills)
  An adder (D:2)
  A jackal (D:1)
  A kobold (D:2)
3 creatures vanquished.

Grand Total: 34 creatures vanquished

Notes
Turn   | Place    | Note
-------+----------+-------------------------------------------
     0 | D:1      | monsoonserge the Deep Elf Hedge Wizard began the quest for
                  | the Orb.
     0 | D:1      | Reached XP level 1. HP: 10/10 MP: 7/7
   150 | D:1      | Reached XP level 2. HP: 15/15 MP: 0/9
   157 | D:1      | Learned a level 1 spell: Slow
   160 | D:1      | Learned a level 2 spell: Blink
   163 | D:1      | Learned a level 2 spell: Call Imp
   976 | D:2      | Reached XP level 3. HP: 19/19 MP: 7/11
  1338 | D:2      | Reached skill level 5 in Spellcasting
  1728 | D:2      | Succumbed to an adder's poison

Illustrated notes

Levels and vault maps discovered:
D:1:      spicycebolla_green_bress_n_ham, layout_rooms
D:2:      layout_rooms, amethyst_killhole
D:3:      layout_rooms

Skill      XL: |  1  2  3 |
---------------+----------+-----
Dodging        | 3 |  3.0
Spellcasting   | 5 |  5.0
Short Blades   | |  0.2
Stealth        | |  2.7
Conjurations   | |  1.4
Summonings     | |  1.6
Translocations | |  1.8
Evocations     | |  0.4

Action                     || total
---------------------------++-------
  Melee: Dagger            ||    28
   Cast: Magic Dart        ||    79
         Call Imp          ||     7
         Blink             ||     3
   Stab: Sleeping          ||     2
 Armour: Robe              ||    31
  Dodge: Dodged            ||    39

Table legend: (Time is in decaauts)
 A = Elapsed time spent in this place.
 B = Non-inter-level travel time spent in this place.
 C = Inter-level travel time spent in this place.
 D = Time resting spent in this place.
 E = Time spent auto-exploring this place.
 F = Levels seen in this place.
 G = Mean time per level.
                   A        B        C        D        E       F      G
               +--------+--------+--------+--------+--------+-----+--------+
         Total |   1727 |   1666 |     61 |    250 |   1052 |   3 |  575.7 |
       Dungeon |   1727 |   1666 |     61 |    250 |   1052 |   3 |  575.7 |
               +--------+--------+--------+--------+--------+-----+--------+

Top non-repeatable levels by time:
     D:2: 895 daAuts
     D:1: 825 daAuts
     D:3: 5 daAuts
